 Dungeon Crawl Stone Soup version 0.30-a0-728-gc68057be0a (webtiles) character file.

Game seed: 1855958204286143967

264 gelatine the Firebug (level 5, 0/37 HPs)
             Began as a Demonspawn Fire Elementalist on Jan 31, 2023.
             Succumbed to a scorpion's poison
             ... on level 4 of the Dungeon.
             The game lasted 00:08:24 (3854 turns).

gelatine the Firebug (Demonspawn Fire Elementalist) Turns: 3854, Time: 00:08:24

Health: 0/37       AC:  8    Str:  9    XL:     5   Next: 98%
Magic:  1/9        EV: 13    Int: 18    God:
Gold:   181        SH:  0    Dex: 19    Spells: 6/9 levels left

rFire   + . .      SeeInvis .    t - +0 war axe
rCold   + . .      Faith    .    (no shield)
rNeg    . . .      Spirit   .    a - +0 robe
rPois   +          Reflect  .    (no helmet)
rElec   +          Harm     .    (no cloak)
rCorr   +          Rampage  .    e - +0 pair of gloves
Will    .....                    j - +2 pair of boots
Stlth   ++                       (no amulet)
HPRegen 0.26/turn                q - +6 ring of dexterity
MPRegen 0.11/turn                (no ring)

@: lethally poisoned (0 -> -6), resistant, on berserk cooldown, slowed, very
slow
A: icy blue scales 1, powered by pain 1, weakness stinger 1
a: no special abilities


You were on level 4 of the Dungeon.
You visited 1 branch of the dungeon, and saw 4 of its levels.

You collected 181 gold pieces.

Inventory:

Hand Weapons
 c - a +0 dagger
 t - a +0 war axe (weapon)
Missiles
 v - 4 curare-tipped darts
Armour
 a - a +0 robe (worn)
 e - a +0 pair of gloves (worn)
 j - a +2 pair of boots (worn)
Jewellery
 q - a +6 ring of dexterity (left hand)
Wands
 u - a wand of iceblast (12)
Scrolls
 d - a scroll of noise {unknown}
 g - 3 scrolls of fear {unknown}
 h - a scroll of torment {unknown}
 i - a scroll of identify {unknown}
 o - a scroll of fog {unknown}
 p - a scroll of teleportation {unknown}
 s - a scroll of magic mapping {unknown}
Potions
 b - 2 potions of magic
 f - a potion of berserk rage
 k - 3 potions of resistance
 l - a potion of haste {unknown}
 m - 2 potions of lignification {unknown}
 n - a potion of might {unknown}
 r - a potion of ambrosia {unknown}
 w - a potion of cancellation {unknown}


   Skills:
 * Level 1.2 Fighting
 - Level 1.0 Short Blades
 * Level 0.6 Axes
 * Level 2.5 Dodging
 + Level 2.3 Stealth
 + Level 2.7 Spellcasting
 * Level 2.8 Conjurations
 * Level 4.0 Fire Magic


You had 6 spell levels left.
You knew the following spells:

 Your Spells              Type           Power      Damage    Failure   Level
a - Foxfire               Conj/Fire      56%        2x1d6     4%          1
b - Scorch                Fire           34%        2d6       4%          2

Your spell library contained the following spells:

 Spells                   Type           Power      Damage    Failure   Level
 Inner Flame              Hex/Fire       9%         N/A       22%         3
 Sublimation of Blood     Necr           2%         N/A       26%         2
 Kindle Blastsparks       Fire/Tloc/Air  14%        2d11      28%         3
 Flame Wave               Conj/Fire      14%        2d6       38%         4
 Gell's Gravitas          Tloc           2%         N/A       45%         3
 Portal Projectile        Hex/Tloc       4%         N/A       45%         3
 Teleport Other           Tloc           2%         N/A       45%         3
 Tukima's Dance           Hex            2%         N/A       45%         3
 Petrify                  Tmut/Erth      2%         N/A       86%         4
 Irradiate                Conj/Tmut      3%         3d12      95%         5
 Blade Hands              Tmut           1%         N/A       99%         5
 Dispersal                Tloc           1%         N/A       100%        6


Dungeon Overview and Level Annotations

Branches:
Dungeon (4/15)
 Temple: D:4-7

Altars:
Dithmenos

Shops:
D:1 =   D:2 (


Innate Abilities, Weirdness & Mutations

You are partially covered in icy blue scales. (AC +2)
You sometimes gain a little power by taking damage.
You have a small tail.


Message History

You feel very sick. The scorpion stings you.
* * * LOW HITPOINT WARNING * * *
The scorpion barely misses you.
You hit the scorpion.
The scorpion is almost dead.
You feel sick. The scorpion misses you.
It was a potion of berserk rage.
A red film seems to cover your vision as you go berserk!
You feel yourself moving faster!
You feel mighty!
You feel sick.
The scorpion stings you but does no damage.
The scorpion stings you.
* * * LOW HITPOINT WARNING * * *
You are lethally poisoned!
The scorpion poisons you!
You are too berserk!
You slash the scorpion!
You kill the scorpion!
* * * LOW HITPOINT WARNING * * *
You feel very sick.
Your Fire Magic skill increases to level 4!
Calm down first, please.
* * * LOW HITPOINT WARNING * * *
You feel sick.
You feel a strong urge to attack something.
* * * LOW HITPOINT WARNING * * *
You feel sick.
* * * LOW HITPOINT WARNING * * *
You feel sick.
You feel your anger nearly subside.
* * * LOW HITPOINT WARNING * * *
You feel sick.
You are no longer berserk.
You are exhausted.
You feel yourself slow down.
* * * LOW HITPOINT WARNING * * *
You feel sick.
It was a potion of resistance.
You feel protected.
You die...

### ###.## ### ###
#########....# #..
##..###...#..#>....###..
#....#...^.###....#.....
#......@.....##.........
##.#......##..##.......#
##....##....#.......#
#....#._...#........
###..##....#..<....#
##...##..##......#.
#.......##.........
#.....###..#.......
##.....#....##......


There were no monsters in sight!

Vanquished Creatures
  2 scorpions (D:4)
  A hound (D:3)
  6 adders
  A worm (D:3)
  2 dart slugs
  4 bats
  6 endoplasms
  3 giant cockroaches
  3 goblins
  3 hobgoblins
  A jackal (D:2)
  11 kobolds
  A quokka (D:1)
  9 ball pythons
  A frilled lizard (D:2)
  11 rats
65 creatures vanquished.

Vanquished Creatures (others)
  227 foxfires
227 creatures vanquished.

Grand Total: 292 creatures vanquished

Notes
Turn   | Place    | Note
-------+----------+-------------------------------------------
     0 | D:1      | gelatine the Demonspawn Fire Elementalist began the quest
                  | for the Orb.
     0 | D:1      | Reached XP level 1. HP: 13/13 MP: 3/3
   122 | D:1      | Found Kiushon's Jewellery Shop.
   352 | D:1      | Found a faded altar of an unknown god.
   353 | D:1      | Noticed a golden eye
   355 | D:1      | Noticed a floating eye
   355 | D:1      | Noticed a floating eye
   355 | D:1      | Noticed a golden eye
   444 | D:1      | Reached skill level 3 in Fire Magic
   444 | D:1      | Gained mutation: You are partially covered in icy blue
                  | scales. (AC +2) [demonic ancestry]
   444 | D:1      | Reached XP level 2. HP: 19/19 MP: 0/5
  1075 | D:2      | Found Ziosusk's Weapon Boutique.
  1461 | D:2      | Gained mutation: You have a small tail. [demonic ancestry]
  1461 | D:2      | Reached XP level 3. HP: 24/24 MP: 4/6
  1464 | D:2      | Learned a level 2 spell: Scorch
  1668 | D:2      | Gained mutation: You sometimes gain a little power by
                  | taking damage. [demonic ancestry]
  1668 | D:2      | Reached XP level 4. HP: 19/30 MP: 0/7
  2062 | D:2      | Found a shadowy altar of Dithmenos.
  2300 | D:3      | Reached skill level 1 in Short Blades
  2882 | D:3      | Reached XP level 5. HP: 36/36 MP: 3/8
  3587 | D:4      | Reached skill level 1 in Fighting
  3825 | D:4      | Found a shadowy altar of Dithmenos.
  3849 | D:4      | Reached skill level 4 in Fire Magic
  3853 | D:4      | HP: 1/37 [poisoned by a scorpion]
  3854 | D:4      | Succumbed to a scorpion's poison

Illustrated notes

Levels and vault maps discovered:
D:1:      denvon_arrival_waterhouse, layout_loops_ring,
          hellmonk_ecumenical_altar_watching_god, serial_shops, shop
D:2:      minmay_skewed_foursquare, layout_loops_ring, basic_altar,
          serial_shops, shop
D:3:      layout_basic
D:4:      layout_cave_pools, nicolae_dithmenos_through_a_glass_darkly

Skill      XL: |  1  2  3  4  5 |
---------------+----------------+-----
Stealth        | 2 |  2.3
Fire Magic     | 3 4 |  4.0
Dodging        | 2 |  2.5
Conjurations   | 2 |  2.8
Short Blades   | 1 |  1.0
Fighting       | 1 |  1.2
Axes           | |  0.6
Spellcasting   | |  2.7

Action                     |  1- 3 |  4- 6 || total
---------------------------+-------+-------++-------
  Melee: Dagger            |    28 |    16 ||    44
         Tailslap          |     1 |     1 ||     2
         War axe           |       |    10 ||    10
         Punch             |       |     1 ||     1
   Cast: Foxfire           |    64 |    70 ||   134
         Scorch            |     2 |     3 ||     5
    Use: Potion            |       |     2 ||     2
 Armour: Robe              |    22 |    13 ||    35
  Dodge: Dodged            |    24 |    18 ||    42

Table legend: (Time is in decaauts)
 A = Elapsed time spent in this place.
 B = Non-inter-level travel time spent in this place.
 C = Inter-level travel time spent in this place.
 D = Time resting spent in this place.
 E = Time spent auto-exploring this place.
 F = Levels seen in this place.
 G = Mean time per level.
                   A        B        C        D        E       F      G
               +--------+--------+--------+--------+--------+-----+--------+
         Total |   3856 |   3729 |    127 |      0 |   3237 |   4 |  964.0 |
       Dungeon |   3856 |   3729 |    127 |      0 |   3237 |   4 |  964.0 |
               +--------+--------+--------+--------+--------+-----+--------+

Top non-repeatable levels by time:
     D:2: 1214 daAuts
     D:1: 1074 daAuts
     D:3: 1068 daAuts
     D:4: 498 daAuts
